AoeStats
← harooooo

Four Lakes

503269998Analyzed
4v4 RM · 1mo ago on Aug 30, 2026· 41m 0s· 8 players
Game mode
Random Map
Map size
Large (8 player)
Population
200
Speed
Normal
Resources
Standard
Victory
Conquest
Starting age
Dark Age
Ending age
Imperial Age
RankedLock teamsTeams togetherTeam positionsShared explorationLock speedFull tech treeHidden civsTurbo modeCheats
Victory
Defeat
🇲🇽 Spanish · Mexico
1644
+13
🇧🇪 Ethiopians · Belgium
1627
+13
🇨🇳 Jurchens · China
1590
+15
1579
+16
🇭🇷 Dravidians · Croatia
1599
-15
🇷🇸 Georgians · Serbia
1583
-15
🇧🇦 Spanish · Bosnia & Herzegovina
1578
-15
🇧🇦 Wei · Bosnia & Herzegovina
1528
-12
我是软脚虾,求求你不要伤害我
7:41 Loom
10:06 Feudal Age
11:59 Double-Bit Axe
12:52 Horse Collar
12:59 Fishing Lines
16:26 Forging
17:04 Scale Barding Armor
17:52 Bloodlines
20:54 Castle Age
19:12 Gold Mining
20:49 Wheelbarrow
22:08 Chain Barding Armor
22:23 Iron Casting
21:50 Husbandry
22:04 Heavy Plow
23:17 Gold Shaft Mining
23:14 Bow Saw
27:35 Hand Cart
27:06 Town Watch
35:14 Imperial Age
32:53 Gillnets
33:44 Stone Mining
35:15 Heavy Hei Guang Cavalry
36:31 Plate Barding Armor
37:09 Blast Furnace
38:09 Two-Man Saw
FromEast
7:01 Loom
9:44 Feudal Age
16:08 Castle Age
14:43 Double-Bit Axe
24:49 Fishing Lines
25:46 Gillnets
26:42 Wheelbarrow
30:02 Bow Saw
30:35 Scale Mail Armor
30:42 Squires
31:02 Horse Collar
31:55 Chain Mail Armor
32:42 Heavy Plow
32:48 Crossbowman
33:19 Fletching
34:27 Hand Cart
34:16 Bodkin Arrow
34:51 Padded Archer Armor
35:30 Thumb Ring
38:17 Forging
EL MAYA
11:08 Feudal Age
9:23 Loom
15:41 Castle Age
14:26 Double-Bit Axe
15:02 Horse Collar
17:09 Bow Saw
22:31 Husbandry
23:17 Bloodlines
26:00 Padded Archer Armor
27:07 Wheelbarrow
29:18 Hand Cart
29:28 Gold Mining
29:40 Heavy Plow
31:22 Leather Archer Armor
39:34 Imperial Age
39:50 Elite Conquistador
41:05 Ring Archer Armor
Envetel
7:08 Loom
9:14 Feudal Age
10:29 Double-Bit Axe
12:39 Fishing Lines
13:41 Scale Barding Armor
16:18 Forging
16:40 Town Watch
17:59 Bloodlines
22:22 Castle Age
21:52 Gold Mining
23:06 Husbandry
22:27 Light Cavalry
23:54 Wheelbarrow
24:02 Chain Barding Armor
24:35 Medium Warships
28:31 Bow Saw
28:27 Gillnets
30:10 Horse Collar
31:26 Iron Casting
38:08 Imperial Age
37:46 Ballistics
37:52 Siege Engineers
39:25 Conscription
40:30 Chemistry
40:29 Guilds
41:29 Thunderclap Bombs
Jimmy
4:22 Loom
10:13 Feudal Age
10:57 Double-Bit Axe
15:55 Fletching
25:36 Castle Age
25:45 Gold Mining
25:59 Elite Skirmisher
26:04 Pikeman
27:03 Bow Saw
29:13 Bodkin Arrow
35:34 Padded Archer Armor
35:34 Crossbowman
harooooo
7:59 Loom
9:45 Feudal Age
16:31 Castle Age
14:38 Double-Bit Axe
15:27 Fishing Lines
18:21 Bow Saw
18:28 Gillnets
21:00 Fletching
24:59 Husbandry
25:55 Padded Archer Armor
28:23 Bloodlines
34:24 Leather Archer Armor
35:05 Gold Mining
35:24 Horse Collar
Pitlja
7:23 Loom
10:20 Feudal Age
10:49 Double-Bit Axe
10:57 Fishing Lines
12:23 Horse Collar
17:37 Scale Barding Armor
17:43 Forging
19:06 Wheelbarrow
21:11 Castle Age
20:13 Bloodlines
19:56 Gold Mining
20:33 Stone Mining
23:06 Chain Barding Armor
23:23 Iron Casting
23:00 Bow Saw
22:54 Heavy Plow
22:51 Gillnets
23:05 Husbandry
34:11 Gold Shaft Mining
37:58 Imperial Age
36:51 Hand Cart
Ceki
6:46 Loom
9:36 Feudal Age
10:40 Double-Bit Axe
11:28 Fishing Lines
15:44 Wheelbarrow
15:37 Scale Barding Armor
17:44 Bloodlines
17:43 Horse Collar
18:57 Forging
20:04 Gold Mining
22:46 Castle Age
23:47 Chain Barding Armor
22:49 Light Cavalry
23:35 Husbandry
23:40 Gillnets
29:19 Bow Saw
30:56 Stone Mining
32:14 Hand Cart
33:03 Stone Shaft Mining
34:30 Iron Casting
38:50 Imperial Age
38:11 Heavy Plow
40:16 Plate Barding Armor
39:03 Cavalier
41:44 Blast Furnace
Connection lost

Rejoining the realm…

Still unreachable

The connection could not be restored.

Session expired

The server has moved on; the page needs a fresh start.